 Dungeon Crawl Stone Soup version 0.26-a0-651-gb41185065b (webtiles) character file.

Game seed: 5244131325897958120

(classic levelgen) 13 EnegeticOcto the Chopper (level 2, -2/27 HPs)
             Began as a Deep Dwarf Fighter on Oct 22, 2020.
             Slain by a hornet (11 damage)
             ... on level 4 of the Dungeon.
             The game lasted 00:00:57 (146 turns).

EnegeticOcto the Chopper (Deep Dwarf Fighter)        Turns: 146, Time: 00:00:58

Health: -2/27      AC:  6    Str: 19    XL:     2   Next: 24%
Magic:  2/2        EV:  7    Int:  8    God:
Gold:   11         SH:  9    Dex: 12    Spells: 1/1 levels left

rFire    . . .     SeeInvis .   a - +0 war axe
rCold    . . .     Faith    .   c - +0 kite shield
rNeg     . . .     Spirit   .   b - +0 scale mail
rPois    .         Reflect  .   (no helmet)
rElec    .         Harm     .   (no cloak)
rCorr    .         Rampage  .   (no gloves)
MR       .....                  (no boots)
Stlth    ..........             (no amulet)
HPRegen  0.00/turn              (no ring)
MPRegen  0.08/turn              (no ring)

@: mighty, lethally poisoned (-2 -> -2), non-regenerating, slowed, very slow
A: damage resistance, heal wounds, sense surroundings 1, no regeneration
a: Heal Wounds


You were on level 4 of the Dungeon.
You visited 1 branch of the dungeon, and saw 4 of its levels.

You collected 11 gold pieces.

Inventory:

Hand Weapons
 a - a +0 war axe (weapon)
Armour
 b - a +0 scale mail (worn)
 c - a +0 kite shield (worn)
Scrolls
 f - a scroll of enchant armour {unknown}
Potions
 e - a potion of heal wounds {unknown}


   Skills:
 - Level 2.6 Fighting
 + Level 3.3 Axes
 - Level 3.2 Armour
 - Level 3.2 Shields


You had one spell level left.
You didn't know any spells.
Your spell library was empty.

Dungeon Overview and Level Annotations

Branches:
Dungeon (4/15)
 Temple: D:4-7

Altars:


Innate Abilities, Weirdness & Mutations

You are resistant to damage.
You can heal yourself by infusing magical energy.
You passively map a small area around you.
You do not regenerate.


Message History

You closely miss the giant cockroach. The adder bites you.
You block the giant cockroach's attack. The adder bites you.
You barely miss the adder.
The adder is lightly wounded.
You closely miss the giant cockroach.
The giant cockroach bites you but does no damage.
The adder bites you but does no damage. The giant cockroach bites you.
You block the adder's attack.
You miss the adder.
The adder is lightly wounded.
You completely miss the giant cockroach.
You block the adder's attack. You block the giant cockroach's attack.
The giant cockroach barely misses you. The adder bites you but does no damage.
You closely miss the adder.
The adder is lightly wounded.
You barely miss the giant cockroach. You block the adder's attack.
The giant cockroach barely misses you. The adder closely misses you.
You block the giant cockroach's attack.
You miss the adder.
The adder is lightly wounded.
You closely miss the giant cockroach. You block the adder's attack.
The giant cockroach bites you but does no damage.
The adder barely misses you.
The giant cockroach bites you but does no damage.
You hit the adder.
The adder is lightly wounded.
You hit the giant cockroach. The adder bites you.
The giant cockroach barely misses you. The adder bites you but does no damage.
You closely miss the giant cockroach.
The giant cockroach is severely wounded.
You hit the adder but do no damage. You block the giant cockroach's attack.
The adder bites you. You block the giant cockroach's attack.
You closely miss the giant cockroach.
The giant cockroach is severely wounded.
You barely miss the adder. You block the adder's attack.
The giant cockroach bites you but does no damage.
The adder bites you but does no damage.
The giant cockroach bites you but does no damage.
You completely miss the giant cockroach.
The giant cockroach is severely wounded.
You barely miss the adder. You block the adder's attack. x2
The giant cockroach bites you but does no damage.
You closely miss the giant cockroach.
The giant cockroach is severely wounded.
You slash the adder! The adder closely misses you.
The giant cockroach barely misses you. You block the adder's attack.
You block the giant cockroach's attack. The adder barely misses you.
You hit the adder.
You kill the adder!
Your Axes skill increases to level 3!
You have reached level 2!
You hit the giant cockroach.
You kill the giant cockroach!
No target in view!
No target in view!
No target in view!
f - a scroll labeled VURATY ECLOGU
Found a stone staircase leading down.
A kobold comes into view. It is wielding a +0 whip.
The kobold shouts!
You see here 11 gold pieces.
You now have 11 gold pieces.
The kobold hits you but does no damage. The kobold hits you but does no damage.
A bat comes into view.
There is a stone staircase leading down here.
You block the kobold's attack.
You climb downwards.
A hornet comes into view.
There is a stone staircase leading up here.
Found a glowing blue potion and 13 gold pieces.
You feel very mighty all of a sudden. The kobold hits you but does no damage.
Unknown command.
You slash the kobold!
You kill the kobold!
The hornet stings you.
You feel yourself slow down.
You slash the hornet!
The hornet is moderately wounded.
The hornet stings you.
You feel as though you will be slow longer.
You block the hornet's attack. The hornet stings you.
You are poisoned.
You feel as though you will be slow longer.
You feel much better. The hornet stings you!
You feel as though you will be slow longer.
The hornet stings you.
You feel as though you will be slow longer.
You feel much better. The hornet stings you.
You feel as though you will be slow longer.
The hornet stings you!
You feel as though you will be slow longer.
You miss the hornet.
The hornet is moderately wounded.
The hornet stings you!
You feel as though you will be slow longer.
You block the hornet's attack.
The hornet stings you but does no damage.
The hornet stings you!
You die...

** *.##. ,,
......# , ,
.#.###......$#,
,* #..#.........#
##....#.......#,*
, ** ............
* * ,#......... *
..# #..#.##.####
.#...#.#.......#
*
.......@y##<##.#
###.##.#.##.#* ,
< .!....... *
###......## * ,
###...... ,, ,
######## * * , *
, , ,


You could see a hornet.

Vanquished Creatures
  An adder (D:3)
  A giant cockroach (D:3)
  A goblin (D:3)
  2 kobolds
5 creatures vanquished.

Notes
Turn   | Place    | Note
-------+----------+-------------------------------------------
     0 | D:1      | EnegeticOcto the Deep Dwarf Fighter began the quest for the
                  | Orb.
     0 | D:1      | Reached XP level 1. HP: 20/20 MP: 1/1
   122 | D:3      | Reached XP level 2. HP: 17/27 MP: 2/2
   136 | D:4      | Noticed a hornet
   146 | D:4      | Slain by a hornet

Illustrated notes

Levels and vault maps discovered:
D:1:      evilmike_arrival_rings, layout_rooms, serial_forest,
          infiniplex_forest_lined_2, infiniplex_forest_clump_diagonal,
          infiniplex_forest_lined_corner, infiniplex_forest_clump_long,
          infiniplex_forest_clump_long, infiniplex_forest_clump_diagonal
D:2:      layout_basic, marbit_many_paths, eino_curves_04
D:3:      layout_loops_ring, grunt_temple_overflow_lords_of_destruction,
          lemuel_crystal_altar, chequers_ecumenical_altar_simple_redux,
          uniq_natasha
D:4:      layout_loops_cross

Skill      XL: |  1 |
---------------+----+-----
Axes           | 3 |  3.3
Fighting       | |  2.6
Armour         | |  3.2
Shields        | |  3.2

Action                   || total
-------------------------++-------
Melee: War axe           ||    22
 Abil: Heal Wounds       ||     2
  Use: Potion            ||     1
Armor: Scale mail        ||    21
Dodge: Dodged            ||    11
Block: Kite shield       ||    27

Table legend: (Time is in decaauts)
 A = Elapsed time spent in this place.
 B = Non-inter-level travel time spent in this place.
 C = Inter-level travel time spent in this place.
 D = Time resting spent in this place.
 E = Time spent auto-exploring this place.
 F = Levels seen in this place.
 G = Mean time per level.
                   A        B        C        D        E       F      G
               +--------+--------+--------+--------+--------+-----+--------+
         Total |    157 |    151 |      6 |      0 |      0 |   4 |   39.2 |
       Dungeon |    157 |    151 |      6 |      0 |      0 |   4 |   39.2 |
               +--------+--------+--------+--------+--------+-----+--------+

Top non-repeatable levels by time:
     D:1: 53 daAuts
     D:3: 50 daAuts
     D:2: 41 daAuts
     D:4: 12 daAuts
